 Dungeon Sprint DCSS version 0.28.0-43-g3370ac3207 (webtiles) character file.

Game seed: 9584722635848097797

3314 boopmooplesden the Warrior (level 9, -3/100 HPs)
             Began as a Minotaur Berserker on Mar 31, 2022.
             Was a High Priest of Trog.
             Slain by an earth elemental (10 damage)
             ... in the Dungeon (Sprint III: "The Ten Rune Challenge").
             The game lasted 00:03:23 (1616 turns).

boopmooplesden the Warrior (Minotaur Berserker)     Turns: 1616, Time: 00:03:23

Health: -3/100     AC:  2    Str: 22    XL:     9   Next: 70%
Magic:  8/8        EV: 13    Int:  6    God:    Trog [*****.]
Gold:   1333       SH:  7    Dex: 12    Spells: 8/8 levels left

rFire   . . .      SeeInvis .   p - +0 long sword (holy)
rCold   . . .      Faith    .   o - +0 kite shield
rNeg    . . .      Spirit   .   b - +0 animal skin
rPois   .          Reflect  .   (helmet restricted)
rElec   .          Harm     .   (no cloak)
rCorr   .          Rampage  .   (no gloves)
Will    .....      NoTele   +   (no boots)
Stlth   ++........              (no amulet)
HPRegen 0.26/turn               (no ring)
MPRegen 0.11/turn               (no ring)

@: no status effects
A: horns 2, retaliatory headbutt
a: Renounce Religion, Berserk, Trog's Hand, Brothers in Arms


You were in the Dungeon.
You worshipped Trog.
Trog was extremely pleased with you.
You visited 1 branch You collected 1383 gold pieces.
You spent 50 gold pieces at shops.

Inventory:

Hand Weapons
 a - a +0 hand axe
 p - a +0 long sword of holy wrath (weapon)
 s - a +1 executioner's axe
 t - a +2 antimagic scimitar
Armour
 b - a +0 animal skin (worn)
 o - a +0 kite shield (worn)
Scrolls
 h - a scroll of blinking
 i - a scroll of torment {unknown}
 j - 4 scrolls of identify
 m - a scroll of immolation {unknown}
 r - a scroll of enchant armour {unknown}
Potions
 c - 3 potions of curing
 e - a potion of haste
 f - 2 potions of magic
 g - 2 potions of berserk rage
 k - a potion of cancellation {unknown}
 l - 5 potions of mutation
 n - 2 potions of flight
Miscellaneous
 q - a tin of tremorstones (2/2)


   Skills:
 + Level 16.1 Fighting
 + Level 10.0 Long Blades
 + Level 15.2 Axes
 + Level 8.1 Armour
 + Level 8.6 Dodging
 + Level 2.9 Stealth
 + Level 0.4 Shields
 + Level 0.2 Evocations


You had 8 spell levels left.
You didn't know any spells.
Your spell library was empty.

Dungeon Overview and Level Annotations

Branches:
Dungeon (1/1)

Altars:
Cheibriados
Dithmenos
Elyvilon
Fedhas
Gozag
Hepliaklqana
Kikubaaqudgha
Makhleb
Nemelex Xobeh
Okawaru
Qazlal
Ru
Sif Muna
Trog
Uskayaw
Vehumet
Wu Jian
Xom
Yredelemnul
Zin
The Shining One
Beogh
Jiyva
Lugonu

Shops:
D *


Innate Abilities, Weirdness & Mutations

You have a pair of horns on your head.
You reflexively headbutt those who attack you in melee.


Message History

There is an open door here.
You barely miss the earth elemental.
Your headbutt misses the earth elemental.
The earth elemental closely misses you.
You hit the earth elemental.
The earth elemental is lightly damaged.
You hit the earth elemental.
The earth elemental is lightly damaged.
The earth elemental misses you. You furiously retaliate!
You headbutt the earth elemental, but do no damage.
You barely miss the earth elemental.
The earth elemental is lightly damaged.
The earth elemental closely misses you.
You slash the earth elemental!
You headbutt the earth elemental, but do no damage.
The earth elemental is moderately damaged.
You hit the earth elemental but do no damage.
The earth elemental is moderately damaged.
The earth elemental hits you!!
You slash the earth elemental!
You headbutt the earth elemental, but do no damage.
The earth elemental is moderately damaged.
The earth elemental hits you!
You slash the earth elemental!
You headbutt the earth elemental, but do no damage.
The earth elemental is heavily damaged.
You hit the earth elemental.
The earth elemental is severely damaged.
The earth elemental hits you!
You barely miss the earth elemental.
You headbutt the earth elemental, but do no damage.
The earth elemental is severely damaged.
The earth elemental hits you!!!
* * * LOW HITPOINT WARNING * * *
You barely miss the earth elemental.
The earth elemental is severely damaged.
You hit the earth elemental but do no damage.
The earth elemental is severely damaged.
The earth elemental hits you!
You die...

__#___#__###.)#.##..+
..#__)#._#.).......##
#'#'###)##.))))....##
.........#.))))...#.#
⌠........#)#.)∩##..##
..######'#.###.###.#
⌠.#__#...#'#########
..#__#...#..≈≈≈'.#
###__#...#.#§§§#@#
):#__#...'.#§§§#E#
__#__'...#.#§.§#..
▓▓▓▓▓▓▓▓▓▓▓▓▓▓▓▓▓▓▓


You could see an earth elemental.

Vanquished Creatures
  Josephine (D)
  An orc high priest (D)
  A deep elf pyromancer (D)
  A shadow (D)
  A spatial vortex (D)
  A necrophage (D)
  A water elemental (D)
  A jelly (D)
  An orc priest (D)
  A wizard (D)
  An orc wizard (D)
  A necromancer (D)
  3 humans (D)
  A kobold demonologist (D)
  A wolf (D)
  12 orcs (D)
  An endoplasm (D)
  3 rats (D)
33 creatures vanquished.

Vanquished Creatures (collateral kills)
  An orc sorcerer (D)
  An orc priest (D)
2 creatures vanquished.

Vanquished Creatures (others)
  An orc high priest (D)
  A plant (D)
2 creatures vanquished.

Grand Total: 37 creatures vanquished

Notes
Turn   | Place    | Note
-------+----------+-------------------------------------------
     0 | D        | boopmooplesden the Minotaur Berserker began the quest for
                  | the Orb.
     0 | D        | Reached XP level 1. HP: 19/19 MP: 0/0
    12 | D        | Reached skill level 4 in Fighting
    24 | D        | Reached ** piety under Trog
    36 | D        | Noticed a wolf
    45 | D        | Reached skill level 5 in Fighting
    45 | D        | Reached skill level 5 in Axes
    45 | D        | Reached XP level 2. HP: 29/29 MP: 1/1
    47 | D        | Reached XP level 3. HP: 37/37 MP: 2/2
    84 | D        | Noticed a water elemental
   242 | D        | Killed a water elemental
   242 | D        | Reached *** piety under Trog
   243 | D        | Reached skill level 7 in Fighting
   243 | D        | Reached XP level 4. HP: 47/47 MP: 3/3
   326 | D        | Found a basalt altar of Yredelemnul.
   326 | D        | Found a shadowy altar of Dithmenos.
   326 | D        | Found a sacrificial altar of Ru.
   326 | D        | Noticed a necrophage
   329 | D        | Killed a necrophage
   330 | D        | Reached skill level 9 in Fighting
   330 | D        | Reached XP level 5. HP: 57/57 MP: 4/4
   462 | D        | Found a hide-covered altar of Uskayaw.
   462 | D        | Found an iron altar of Okawaru.
   464 | D        | Found a bloodstained altar of Trog.
   464 | D        | Found an ornate altar of the Wu Jian Council.
   464 | D        | Noticed a human
   464 | D        | Noticed a human
   470 | D        | Killed a human
   471 | D        | Reached skill level 10 in Fighting
   471 | D        | Reached skill level 10 in Axes
   471 | D        | Reached skill level 5 in Armour
   471 | D        | Reached skill level 5 in Dodging
   471 | D        | Reached XP level 6. HP: 43/67 MP: 5/5
   471 | D        | Killed a human
   471 | D        | Reached **** piety under Trog
   472 | D        | Reached skill level 11 in Fighting
   651 | D        | Found a glowing silver altar of Zin.
   651 | D        | Found a glowing golden altar of the Shining One.
   651 | D        | Found a white marble altar of Elyvilon.
   653 | D        | Noticed a deep elf pyromancer
   663 | D        | Noticed a fire elemental
   663 | D        | Noticed a fire elemental
   663 | D        | Killed a deep elf pyromancer
   664 | D        | Reached skill level 13 in Fighting
   664 | D        | Reached XP level 7. HP: 68/79 MP: 6/6
   701 | D        | Found a radiant altar of Vehumet.
   701 | D        | Found a shimmering blue altar of Sif Muna.
   701 | D        | Found an ancient bone altar of Kikubaaqudgha.
   724 | D        | Noticed a shadow
   726 | D        | Killed a shadow
   726 | D        | Reached ***** piety under Trog
   727 | D        | Reached skill level 1 in Stealth
   727 | D        | Reached XP level 8. HP: 50/86 MP: 7/7
   903 | D        | Found a blossoming altar of Fedhas.
   903 | D        | Found a stormy altar of Qazlal.
   903 | D        | Found a snail-covered altar of Cheibriados.
   903 | D        | Found a burning altar of Makhleb.
   903 | D        | Found a shimmering altar of Xom.
   904 | D        | Found a hazy altar of Hepliaklqana.
   904 | D        | Found an opulent altar of Gozag.
   904 | D        | Found a sparkling altar of Nemelex Xobeh.
   904 | D        | Found a corrupted altar of Lugonu.
   904 | D        | Found a viscous altar of Jiyva.
  1038 | D        | Noticed Josephine
  1046 | D        | Killed Josephine
  1047 | D        | Reached skill level 14 in Fighting
  1047 | D        | Reached skill level 5 in Long Blades
  1198 | D        | Noticed an orc high priest
  1199 | D        | Received a gift from Trog
  1199 | D        | Received a gift from Trog
  1209 | D        | Noticed a sun demon
  1209 | D        | Killed an orc high priest
  1210 | D        | Reached skill level 15 in Fighting
  1210 | D        | Reached XP level 9. HP: 97/97 MP: 8/8
  1215 | D        | Noticed an orc high priest
  1217 | D        | Noticed an orc sorcerer
  1219 | D        | Noticed a smoke demon
  1220 | D        | Killed an orc sorcerer
  1221 | D        | Reached skill level 15 in Axes
  1222 | D        | Killed an orc high priest
  1223 | D        | Reached skill level 16 in Fighting
  1224 | D        | Reached skill level 10 in Long Blades
  1253 | D        | Found Zackus's Assorted Antiques.
  1267 | D        | Bought a scroll labelled TYSTUU VURALAG for 25 gold pieces
  1267 | D        | Bought a scroll labelled GAUL CUH AQAR for 25 gold pieces
  1616 | D        | Slain by an earth elemental

Illustrated notes

Levels and vault maps discovered:
D:        dungeon_sprint_mu [sprint_mu_entry_cave, sprint_mu_temple_rooms,
          sprint_mu_d1_horrors, sprint_mu_d2_genie, sprint_mu_d3_branching,
          sprint_mu_orc_legion, sprint_mu_elf_gauntlet, sprint_mu_hive_nellie,
          sprint_mu_lair_fedhas, sprint_mu_vaults_butterflies,
          sprint_mu_slime_circle, sprint_mu_swamp_cave, sprint_mu_shoals_archi,
          sprint_mu_blade_basic, sprint_mu_crypt_fortress,
          sprint_mu_tomb_spiral, sprint_mu_vestibule_basic,
          sprint_mu_gehenna_hellfire, sprint_mu_dis_giant,
          sprint_mu_tartarus_statrot, sprint_mu_cocytus_islands, sprint_mu_zot1]

Skill      XL: |  1  2  3  4  5  6  7  8  9 |
---------------+----------------------------+-----
Fighting       | 5 7 9 10 13 15 16 | 16.1
Axes           | 5 6 7 9 10 13 14 15 | 15.2
Armour         | 3 4 5 7 8 |  8.1
Dodging        | 3 4 5 6 7 8 |  8.6
Stealth        | 1 2 |  2.9
Long Blades    | 7 10 | 10.0
Shields        | |  0.4
Evocations     | |  0.2

Action                   |  1- 3 |  4- 6 |  7- 9 || total
-------------------------+-------+-------+-------++-------
Melee: Hand axe          |    12 |    16 |       ||    28
       Headbutt          |     3 |     2 |    11 ||    16
       Long sword        |       |       |    51 ||    51
Invok: Berserk           |     2 |     3 |     3 ||     8
       Brothers in Arms  |       |       |     2 ||     2
Evoke: Tin of tremorston |       |       |     2 ||     2
  Use: Scroll            |       |       |     1 ||     1
       Potion            |       |       |     1 ||     1
Dodge: Dodged            |     5 |     3 |    15 ||    23
Block: Kite shield       |       |     1 |     8 ||     9
